 Dungeon Crawl Stone Soup version 0.28-a0-987-g8383568036 (webtiles) character file.

Game seed: 2830107393433192991

45 Lavandula the Bolt Thrower (level 3, 0/31 HPs)
             Began as a Naga Arcane Marksman on Dec 4, 2021.
             Slain by Crazy Yiuf (7 damage)
             ... on level 2 of the Dungeon.
             The game lasted 00:02:55 (1857 turns).

Lavandula the Bolt Thrower (Naga Arcane Marksman)   Turns: 1857, Time: 00:02:56

Health: 0/31       AC:  3    Str: 14    XL:     3   Next: 64%
Magic:  4/4        EV:  9    Int: 13    God:
Gold:   142        SH:  0    Dex: 11    Spells: 3/4 levels left

rFire   . . .      SeeInvis +   a - +0 hand crossbow
rCold   . . .      Faith    .   (no shield)
rNeg    . . .      Spirit   .   d - +0 robe
rPois   +          Reflect  .   (no helmet)
rElec   .          Harm     .   k - +0 cloak
rCorr   .          Rampage  .   (no gloves)
Will    .....                   (no barding)
Stlth   +.........              (no amulet)
HPRegen 0.10/turn               (no ring)
MPRegen 0.09/turn               (no ring)

@: short of breath, very slow
A: AC +1, large, see invisible, deformed body, poison resistance, slowness 2,
spit poison 1, naga tail 1
a: Spit Poison


You were on level 2 of the Dungeon.
You visited 1 branch of the dungeon, and saw 2 of its levels.

You collected 170 gold pieces.
You spent 28 gold pieces at shops.

Inventory:

Hand Weapons
 a - a +0 hand crossbow (weapon)
 f - a +0 falchion of holy wrath
Missiles
 c - 15 bolts (quivered ammo)
Armour
 d - a +0 robe (worn)
 k - a +0 cloak (worn)
Scrolls
 e - a scroll of immolation {unknown}
 h - a scroll of teleportation {unknown}
 i - a scroll of fog {unknown}
 m - a scroll of enchant weapon {unknown}
Potions
 b - 2 potions of attraction
 g - a potion of heal wounds {unknown}
 j - 2 potions of curing {unknown}
 l - a potion of mutation {unknown}


   Skills:
 - Level 1.0 Fighting
 + Level 3.5 Crossbows
 - Level 1.5 Dodging
 - Level 1.0 Spellcasting
 - Level 3.0 Hexes


You had 3 spell levels left.
You knew the following spells:

 Your Spells              Type           Power      Damage    Failure   Level
a - Slow                  Hex            32%        N/A       9%          1

Your spell library contained the following spells:

 Spells                   Type           Power      Damage    Failure   Level
 Corpse Rot               Necr/Air       0%         N/A       38%         2
 Poisonous Vapours        Pois/Air       0%         N/A       38%         2
 Inner Flame              Hex/Fire       4%         N/A       41%         3
 Portal Projectile        Hex/Tloc       8%         N/A       41%         3
 Cause Fear               Hex            4%         N/A       63%         4


Dungeon Overview and Level Annotations

Branches:
Dungeon (2/15)

Altars:

Shops:
D:2 ([=*

Annotations:
D:2 Crazy Yiuf


Innate Abilities, Weirdness & Mutations

Your serpentine skin is tough. (AC +1)
You have supernaturally acute eyesight. (SInv)
Armour fits poorly on your strangely shaped body.
Your system is resistant to poisons. (rPois)
You cover ground very slowly.
You can spit poison.
You have a snake-like lower body.


Message History

Press: ? - help, Shift-Dir - straight line, f - bat
Aim: a bat The splash of poison hits the bat.
The bat is poisoned.
The bat is moderately wounded.
You kill the bat!
You have got your breath back.
There is an entrance to Naem's General Store here.
m - a scroll of identify Thank you for shopping at Naem's General Store!
You can access your shopping list by pressing '$'.
As you read the scroll of identify, it crumbles to dust.
b - 2 potions of attraction
m - a scroll labelled PITRAG MIPSIORCH
Found a mace.
Found a runed translucent door.
Crazy Yiuf shouts!
Crazy Yiuf yells, "Hack testudinal aubergine!"
Found a stone staircase leading up.
You see here a +0 chain mail.
Crazy Yiuf shouts!
You aren't carrying any items that you can evoke.
Unknown command.
You open the door.
Press: ? - help, Shift-Dir - straight line, f - Crazy Yiuf
Aim: Crazy Yiuf, wielding a +2 quarterstaff of chaos and wearing a +0 cloak The splash of poison misses Crazy Yiuf.
Crazy Yiuf hits you with a +2 quarterstaff of chaos!
Unknown command.
Okay, then.
You aren't carrying any items that you can evoke.
Unknown command.
You can't do that yet.
Unknown command.
Fire: 16 bolts
Press: ? - help, Q - select action, (/) - cycle Shift-Dir - straight line, f/p - Crazy Yiuf
Aim: Crazy Yiuf, wielding a +2 quarterstaff of chaos and wearing a +0 cloak (64% to hit)
You shoot a bolt. The bolt closely misses Crazy Yiuf.
Crazy Yiuf hits you with a +2 quarterstaff of chaos!
* * * LOW HITPOINT WARNING * * *
Crazy Yiuf burns you!
You die...

###### ##..####.# ##### .....#
#....# #.#####...# .....#######
#....# #...#.....## ...........#
##...# #...#....... ...........#
##.## #.........## ...........#
##.# #........... ..#........#
#.## ###.......#. ..#........#
##.# #.......#. ...........# #@##
#.......#. ...........# #g#
#######.#... ...........# ...
#........... ...........# #...#
#.....#.#..# ...........# #)(.#
#.....#.#... ........∩..# #####
#...#.#..#.∩ ...........#
#...#.#.....
...........###########...#......#
...>.............................


You could see Crazy Yiuf.

Vanquished Creatures
  A hound skeleton (D:2)
  An adder (D:2)
  3 endoplasms
  A giant cockroach (D:2)
  4 goblins
  2 hobgoblins
  A quokka (D:1)
  A ball python (D:2)
  4 bats
  2 frilled lizards
  4 kobolds
  A rat (D:1)
25 creatures vanquished.

Notes
Turn   | Place    | Note
-------+----------+-------------------------------------------
     0 | D:1      | Lavandula the Naga Arcane Marksman began the quest for the
                  | Orb.
     0 | D:1      | Reached XP level 1. HP: 18/18 MP: 2/2
   278 | D:1      | Reached XP level 2. HP: 25/25 MP: 3/3
   516 | D:1      | Found a faded altar of an unknown god.
   893 | D:2      | Found Doqiwk's Weapon Shoppe.
   981 | D:2      | Found Boesm's Antique Armour Boutique.
  1239 | D:2      | Reached XP level 3. HP: 14/31 MP: 4/4
  1641 | D:2      | Found Lecu's Jewellery Emporium.
  1672 | D:2      | Found Naem's General Store.
  1676 | D:2      | Bought a scroll of identify for 28 gold pieces
  1707 | D:2      | Found a runed translucent door.
  1708 | D:2      | Noticed Crazy Yiuf
  1857 | D:2      | Slain by Crazy Yiuf

Illustrated notes

Levels and vault maps discovered:
D:1:      giann_bridges, layout_loops_ring, shapermc_ecumenical_altar_pompeii,
          minivault_19
D:2:      layout_basic, serial_shops,
          nicolae_shop_temple_entry_statues_fountains, nicolae_shop_crystal,
          nicolae_shop_stone, shop, minmay_tripent, uniq_crazy_yiuf_cottage

Skill      XL: |  1  2 |
---------------+-------+-----
Crossbows      | 2 3 |  3.5
Fighting       | |  1.0
Dodging        | |  1.5
Spellcasting   | |  1.0
Hexes          | |  3.0

Action                   || total
-------------------------++-------
Melee: Falchion          ||    39
 Fire: Hand crossbow     ||    18
 Abil: Spit Poison       ||    14
  Use: Scroll            ||     1
Armor: Robe              ||     7
Dodge: Dodged            ||    25

Table legend: (Time is in decaauts)
 A = Elapsed time spent in this place.
 B = Non-inter-level travel time spent in this place.
 C = Inter-level travel time spent in this place.
 D = Time resting spent in this place.
 E = Time spent auto-exploring this place.
 F = Levels seen in this place.
 G = Mean time per level.
                   A        B        C        D        E       F      G
               +--------+--------+--------+--------+--------+-----+--------+
         Total |   2324 |   2278 |     46 |    178 |   1850 |   2 | 1162.0 |
       Dungeon |   2324 |   2278 |     46 |    178 |   1850 |   2 | 1162.0 |
               +--------+--------+--------+--------+--------+-----+--------+

Top non-repeatable levels by time:
     D:2: 1336 daAuts
     D:1: 988 daAuts
